[Event "SM-blixten 2025"]
[Site "Uppsala, Sweden"]
[Date "2025.07.03"]
[Round "3.8"]
[White "Lundstrom, Mikael"]
[Black "Johnson, Daniel"]
[Result "1/2-1/2"]
[TimeControl "3 min + 2 sec increment starting from move 1"]
[WhiteElo "2119"]
[BlackElo "2175"]

1. e4 e5 2. Nf3 Nc6 3. d4 exd4 4. Nxd4 Nf6 5. Nc3 Bb4 6. Nxc6 bxc6 7. Bd3 d6 8. O-O Ng4 9. h3 Ne5 10. a3 Ba5 11. Qe2 Qh4 12. Be3 g5 13.
f4 gxf4 14. Rxf4 Qg3 15. Raf1 Rg8 16. Bd4 Bb6 17. Bxb6 axb6 18. Qf2 Qg7 19. Kh1 Be6 20. Ne2 c5 21. b3 Rxa3 22. Nc3 Rxb3 23. Nd5 Bxd5 24. exd5 Ra3 25. Re1 Kd8 26. Qh4+ Kc8 27.
g4 Kb7 28. Rb1 Rga8 29. Qe7 Nxd3 30. Rxf7 Qxf7 31. Qxf7 Nb4 32. Qxh7 Rc3 33. Rf1 Rxc2 34. g5 Raa2 35. Qe4 Re2 36. Qf4 Nd3 37. Qg3 Nf2+ 38.
Rxf2 Rxf2 39. Kg1 Rfb2 40. Qe1 Rg2+ 41.
Kh1 Rxg5 42. h4 Rgg2 43.
h5 c4 44. h6 Rh2+ 45. Kg1 Rxh6 46. Qe8 Rhh2 47. Qc6+ Kb8 48. Qe8+ Ka7 49. Qc6 Rhg2+ 50. Kh1 Rg7 51. Qxc4 Rag2 52.
Qa6+ Kb8 53. Qb7+ Kxb7 1/2-1/2

[Event "SM-blixten 2025"]
[Site "Uppsala, Sweden"]
[Date "2025.07.03"]
[Round "5.4"]
[White "Religa, Marek"]
[Black "Ask, Josef"]
[Result "1-0"]
[TimeControl "3 min + 2 sec increment starting from move 1"]
[BlackTitle "FM"]
[WhiteElo "2227"]
[BlackElo "2130"]

1. e4 Nc6 2. Nf3 g6 3.
d4 Bg7 4. d5 Nb8 5. h4 h6 6. c4 d6 7. Nc3 c6 8.
Be3 Nf6 9. Bd3 Ng4 10. Bd2 Qb6 11. O-O Na6 12. Na4 Qc7 13. Rb1 c5 14. a3 O-O 15. b4 b6 16. Be2 h5 17. Ng5 Bd4 18.
Bc3 Bxc3 19. Nxc3 cxb4 20. axb4 Nb8 21. Nb5 Qb7 22. Nd4 Ne5 23. f4 Ng4 24. Qd2 Qd7 25. f5 Qc7 26.
Bxg4 hxg4 27. fxg6 fxg6 28. Rxf8+
Kxf8 29. Nge6+ 1-0

[Event "SM-blixten 2025"]
[Site "Uppsala, Sweden"]
[Date "2025.07.03"]
[Round "6.10"]
[White "Ral Lustig, Melvin"]
[Black "Odell Johansson, Leo"]
[Result "0-1"]
[TimeControl "3 min + 2 sec increment starting from move 1"]
[WhiteTitle "CM"]
[WhiteElo "2223"]
[BlackElo "1991"]

1. d4 d5 2. Nc3 Nf6 3. Bf4 a6 4.
e3 e6 5. g4 Be7 6. g5 Ne4 7.
Nxe4 dxe4 8. h4 f5 9. gxf6 Bxf6 10. Bg2 Bd7 11. Bxe4 Bc6 12. Qf3 Qd7 13. O-O-O Bxe4 14. Qxe4 Nc6 15. d5 O-O-O 16. Qxe6 Qxe6 17.
dxe6 Bxb2+ 18. Kxb2 Rxd1 19. e4 Re8 20. f3 Rxe6 21. Be3 Rg6 22. Rh2 Rdxg1 23. Bxg1 Rxg1 24. Rd2 Rf1 25. Rd3 Ne5 26. Rd5 Nxf3 27. Rf5 Nd2 28. Rg5 g6 29. Re5 Nc4+ 0-1

[Event "SM-blixten 2025"]
[Site "Uppsala, Sweden"]
[Date "2025.07.03"]
[Round "8.6"]
[White "Crevatin, Leo"]
[Black "Religa, Marek"]
[Result "1-0"]
[TimeControl "3 min + 2 sec increment starting from move 1"]
[WhiteTitle "FM"]
[WhiteElo "2248"]
[BlackElo "2227"]

1. d4 g6 2. c4 Bg7 3. Nc3 d6 4. e4 e5 5. Be3 Nc6 6. Nge2 Nf6 7. f3 O-O 8. Qd2 Nd7 9. d5 Ne7 10. g4 f5 11. gxf5 gxf5 12. O-O-O f4 13. Bf2 a6 14. Kb1 Nc5 15. Nc1 Bd7 16. Rg1 Qe8 17. Nb3 Na4 18. c5 Nc8 19.
Be2 Rf6 20. c6 Nxc3+ 21. Qxc3 bxc6 22. dxc6 Bxc6 23. Na5 Bb5 24. Qxc7 Rf7 25. Qc2 Rb8 26. Nc4 Qc6 27. Rge1 Rc7 28. Rc1 d5 29. exd5 Qxd5 30. Red1 Qf7 31. Rd8+ Bf8 32. Rg1+ Kh8 33. Nxe5 Qe7 34. Qxc7 Bd3+ 35.
Bxd3 Rxb2+ 36. Kxb2 Qxe5+ 37. Qxe5# 1-0

[Event "SM-blixten 2025"]
[Site "Uppsala, Sweden"]
[Date "2025.07.03"]
[Round "10.2"]
[White "Crevatin, Leo"]
[Black "Olund, Joar"]
[Result "1/2-1/2"]
[TimeControl "3 min + 2 sec increment starting from move 1"]
[WhiteTitle "FM"]
[BlackTitle "FM"]
[WhiteElo "2248"]
[BlackElo "2369"]

1. d4 d5 2. Nf3 Nf6 3. c4 dxc4 4. e3 e6 5.
Bxc4 c5 6. Nc3 a6 7. e4 b5 8. Bb3 Bb7 9. e5 Ne4 10. Nxe4 Bxe4 11. Qe2 Bg6 12. Bg5 Be7 13. Bxe7 Qxe7 14.
dxc5 Qxc5 15. O-O O-O 16. Rac1 Qe7 17. Bc2 Ra7 18. Bxg6 hxg6 19. Rfd1 Rd8 20. Rxd8+ Qxd8 21. Rd1 1/2-1/2

[Event "SM-blixten 2025"]
[Site "Uppsala, Sweden"]
[Date "2025.07.03"]
[Round "11.8"]
[White "Nygren, Kim"]
[Black "Hakanson, Josef"]
[Result "1/2-1/2"]
[TimeControl "3 min + 2 sec increment starting from move 1"]
[WhiteTitle "CM"]
[WhiteElo "2173"]
[BlackElo "2131"]

1. e4 e5 2. Nf3 Nf6 3. Nc3 Nc6 4. d4 exd4 5. Nd5 Be7 6. Nxd4 Nxd5 7. exd5 Nxd4 8. Qxd4 O-O 9. Be3 Bf6 10.
Qb4 a5 11. Qa3 d6 12. Bd3 Bg5 13. O-O Bxe3 14. fxe3 Qg5 15. Qc3 Qxe3+ 16. Kh1 Qc5 17. Qd2 Bd7 18. Rf4 f5 19. Rc4 Qb6 20. Qc3 c6 21. dxc6 bxc6 22. Rd4 d5 23.
Rf1 Rae8 24. a3 Be6 25. b4 axb4 26. Rxb4 Qc7 27. Qc5 Bd7 28. Rd4 Qe5 29. c4 Be6 30. Rh4 g6 31. a4 Qf6 32. Rhf4 dxc4 33. Bxc4 Bxc4 34.
Rxc4 Re6 35. a5 Qe5 36. Qb6 Qe2 37. Rcc1 f4 38. Qb3 Kg7 39. h3 Re3 40. Qb7+ Rf7 41. Qxc6 f3 42. gxf3 Rexf3 43. Rxf3 Rxf3 44.
Qd7+ Kh6 45. a6 Qxa6 46. Qg4 Qf6 47. Rg1 Rf4 48. Qg3 Qc6+ 49. Kh2 Rf3 50. Qg5+ Kg7 51. Qe7+ Rf7 52. Qe5+ Qf6 53. Qxf6+ Kxf6 54. Rf1+ Kg7 55. Ra1 g5 56. Ra6 Rf6 57. Ra7+ Kg6 58. Ra8 h5 59.
Ra4 Re6 60. Ra5 Rf6 61. Rb5 Rf5 62.
Rb6+ Rf6 63. Rb5 Ra6 64. Rb2 Ra5 65. Rb6+ Kf5 66. Rb2 g4 67. hxg4+ hxg4 68. Kg2 Kf4 69.
Rb4+ Kg5 70. Rb2 Ra3 71. Rc2 Kh4 72. Rb2 Rg3+ 73. Kh2 Re3 74. Kg2 g3 1/2-1/2